[Event "Team 45 45 League T54"]
[Site "Internet Chess Club"]
[Date "2012.09.10"]
[Round "4"]
[White "cBishop"]
[Black "Buford-Julep"]
[Result "0-1"]
[WhiteElo "1578"]
[BlackElo "1628"]
[Opening "French: advance variation"]
[ECO "C02"]
[Time "11:01:16"]
[TimeControl "2700+45"]

1. e4 e6 2. d4 d5 3. e5 c5 4. f4 Nc6 5. Nf3 cxd4 6. Nxd4 Qb6 7. Nb3 Nh6 8. Bd3
Be7 9. Qf3 Nb4 10. Be3 Nxd3+ 11. cxd3 Qb5 12. Bf2 O-O 13. Nc3 Qd7 14. Bc5 b6 15.
Bxe7 Qxe7 16. O-O Ba6 17. Rf2 f6 18. Re1 Nf5 19. Qh3 fxe5 20. Rxe5 Qf7 21. g4
Ne7 22. f5 exf5 23. gxf5 Bc8 24. Nd4 Bd7 25. Qf3 Rae8 26. Nxd5 Nxd5 27. Qxd5
Rxe5 28. Qxe5 Qxa2 29. Ne6 Bxe6 30. Qxe6+ Qxe6 31. fxe6 Rxf2 32. Kxf2 Kf8 33. d4
a5 34. Ke3 b5 35. d5 Ke7 36. Kd4 Kd6 37. Ke4 a4 38. Kd4 g5 39. Kc3 g4 40. Kb4 h5
41. Kxb5 h4 42. e7 Kxe7 43. Kc6 Kd8 {White resigns} 0-1

[Event "Team 45 45 League T54"]
[Site "Internet Chess Club"]
[Date "2012.09.07"]
[Round "4"]
[White "losscause"]
[Black "elessar"]
[Result "1/2-1/2"]
[WhiteElo "1649"]
[BlackElo "1578"]
[Opening "QGD Slav defense"]
[ECO "D10"]
[Time "19:02:45"]
[TimeControl "2700+45"]

1. d4 d5 2. c4 c6 3. Bf4 Nf6 4. e3 Qa5+ 5. Qd2 Qxd2+ 6. Nxd2 Bf5 7. Rc1 e6 8. a3
Nbd7 9. Ngf3 Be7 10. h3 Ne4 11. cxd5 exd5 12. Nxe4 Bxe4 13. Ne5 f6 14. Nxd7 Kxd7
15. f3 Bg6 16. Kd2 Bd6 17. Bxd6 Kxd6 18. Bd3 Bxd3 19. Kxd3 Rhe8 20. e4 dxe4+ 21.
fxe4 Re7 22. Rhe1 {Game drawn by mutual agreement} 1/2-1/2

[Event "Team 45 45 League T54"]
[Site "Internet Chess Club"]
[Date "2012.09.10"]
[Round "4"]
[White "Hal2001"]
[Black "SirIvanhoe"]
[Result "1/2-1/2"]
[WhiteElo "1612"]
[BlackElo "1551"]
[Opening "Caro-Kann: exchange variation"]
[ECO "B13"]
[Time "13:00:11"]
[TimeControl "2700+45"]

1. e4 c6 2. d4 d5 3. exd5 cxd5 4. Bd3 Nc6 5. c3 Qc7 6. Nd2 Nf6 7. Ngf3 Bg4 8. h3
Bh5 9. Qb3 e6 10. g4 Bg6 11. Bxg6 hxg6 12. Qc2 Nxg4 13. Nf1 Nf6 14. Qe2 Bd6 15.
Ng5 Qe7 16. Nf3 Qc7 17. Ng5 Qe7 18. Ng3 Nh7 19. Nf3 Qc7 20. Nf1 Nf6 {Game drawn
by repetition} 1/2-1/2

[Event "Team 45 45 League T54"]
[Site "Internet Chess Club"]
[Date "2012.09.09"]
[Round "4"]
[White "Zugzwanged"]
[Black "Nathan-L"]
[Result "1-0"]
[WhiteElo "1669"]
[BlackElo "1694"]
[Opening "French: Tarrasch, closed variation"]
[ECO "C05"]
[Time "15:02:48"]
[TimeControl "2700+45"]

1. e4 e6 2. d4 d5 3. Nd2 Nf6 4. e5 Nfd7 5. Bd3 c5 6. c3 Qb6 7. Ngf3 Nc6 8. O-O
cxd4 9. cxd4 Nxd4 10. Nxd4 Qxd4 11. Nf3 Qb6 12. Qa4 a6 13. Qc2 Bc5 14. Bxh7 Nf8
15. Bd3 Bd7 16. Bg5 Rc8 17. Qe2 Nh7 18. Bd2 Bc6 19. Rac1 Be7 20. Be3 Qa5 21. Rc2
Kd7 22. b3 Rcg8 23. Rfc1 g5 24. Bxa6 Ba3 25. Bxb7 Bxb7 26. Rc7+ Qxc7 27. Rxc7+
Kxc7 28. Qc2+ Bc6 29. Nd4 Rc8 30. Qxc6+ Kd8 31. Qa6 Bc1 32. Qd6+ Ke8 33. Nc6
Rxc6 34. Qxc6+ Kf8 35. Qxc1 Rg8 36. Qc5+ Kg7 37. Qc7 Ra8 38. a4 Rh8 39. a5 Rf8
40. a6 Rg8 41. a7 Ra8 42. b4 Rf8 43. b5 Ra8 44. b6 Rf8 45. b7 Rh8 46. b8=Q Rxb8
47. axb8=Q Kg6 48. Qg8+ Kf5 49. Qcxf7+ Kg4 50. h3+ Kh4 51. Qfxh7# {Black
checkmated} 1-0

[Event "Team 45 45 League T54"]
[Site "Internet Chess Club"]
[Date "2012.09.09"]
[Round "4"]
[White "mongmong"]
[Black "Timotheous"]
[Result "0-1"]
[WhiteElo "1639"]
[BlackElo "1799"]
[Opening "Modern defense"]
[ECO "A40"]
[Time "06:31:55"]
[TimeControl "2700+45"]

1. d4 g6 2. Nf3 Bg7 3. c4 c5 4. d5 b5 5. e4 bxc4 6. Bxc4 d6 7. Qc2 Nd7 8. Nc3
Ngf6 9. O-O O-O 10. b3 Nxe4 11. Bb2 Nef6 12. Rfe1 Nb6 13. Bd3 {White resigns}
0-1

[Event "Team 45 45 League T54"]
[Site "Internet Chess Club"]
[Date "2012.09.08"]
[Round "4"]
[White "supermessi"]
[Black "Manch"]
[Result "1-0"]
[WhiteElo "1624"]
[BlackElo "1666"]
[Opening "King's Indian: Petrosian system"]
[ECO "E92"]
[Time "13:07:21"]
[TimeControl "2700+45"]

1. d4 Nf6 2. c4 g6 3. Nc3 Bg7 4. Nf3 O-O 5. e4 d6 6. Be2 e5 7. d5 c6 8. O-O cxd5
9. cxd5 Nbd7 10. h3 Nc5 11. Qc2 a5 12. Be3 b6 13. Rac1 Bd7 14. Bd3 Nxd3 15. Qxd3
Ne8 16. Rfd1 f5 17. Nb5 fxe4 18. Qxe4 Bf5 19. Qc4 Bxh3 20. Qc6 Bd7 21. Qc4 Rc8
22. Qb3 Bg4 23. Rxc8 Bxc8 24. Na7 Bg4 25. Bxb6 Qf6 26. Rd2 Bxf3 27. Qxf3 Qxf3
28. gxf3 Rxf3 29. Bxa5 e4 30. Kg2 Be5 31. Nc6 Bf4 32. Re2 Rd3 33. Rxe4 Be5 34.
Nxe5 dxe5 35. Rxe5 Nf6 36. d6 Rxd6 37. Kg3 h5 38. Bc3 Rd3+ 39. Re3 Ne4+ 40. Kg2
Rxe3 41. fxe3 Nxc3 42. bxc3 Kf7 43. a4 Ke7 44. a5 Kd7 45. a6 Kc7 46. e4 Kb6 47.
e5 Kxa6 48. e6 Kb6 49. e7 Kc7 50. e8=Q {Black resigns} 1-0

[Event "Team 45 45 League T54"]
[Site "Internet Chess Club"]
[Date "2012.09.09"]
[Round "4"]
[White "dscvdchk"]
[Black "rahulr"]
[Result "1-0"]
[WhiteElo "1523"]
[BlackElo "1496"]
[Opening "Queen's Indian: 4.Nc3"]
[ECO "E12"]
[Time "12:05:55"]
[TimeControl "2700+45"]

1. Nf3 Nf6 2. d4 e6 3. c4 b6 4. Nc3 Bb7 5. a3 d5 6. cxd5 Nxd5 7. Qc2 Nxc3 8.
bxc3 Nd7 9. e4 c5 10. Bd3 Qc7 11. Qb1 Rc8 12. O-O Be7 13. Re1 Nf6 14. Bb2 c4 15.
Bc2 b5 16. Bc1 a6 17. a4 Bc6 18. Ne5 O-O 19. Nxc6 Qxc6 20. axb5 axb5 21. h3 Rb8
22. Bf4 Rb7 23. Qd1 b4 24. cxb4 Bxb4 25. Ba4 Qc8 26. Re2 c3 27. d5 Rd8 28. Bc6
Rb6 29. Ra8 Rxc6 30. Rxc8 Rcxc8 31. Qb3 exd5 32. Qxb4 d4 33. Re1 d3 34. Rc1 d2
35. Bxd2 cxd2 36. Qxd2 Rxc1+ 37. Qxc1 Nxe4 38. f3 Nf6 39. Qc7 Re8 40. Kf2 h6 41.
h4 Kh7 42. Qxf7 Kh8 43. g4 Rg8 44. g5 Nh7 45. Qf5 hxg5 46. hxg5 g6 47. Qe5+ Rg7
48. f4 Kg8 49. Qe6+ Kf8 50. Kf3 Rg8 51. Qd6+ Kf7 52. Qd7+ Kf8 53. Qxh7 {Black
resigns} 1-0

[Event "Team 45 45 League T54"]
[Site "Internet Chess Club"]
[Date "2012.09.10"]
[Round "4"]
[White "powerchess1"]
[Black "cys456"]
[Result "1-0"]
[WhiteElo "1717"]
[BlackElo "1813"]
[Opening "Queen's pawn: London system"]
[ECO "A45"]
[Time "18:07:55"]
[TimeControl "2700+45"]

1. d4 Nf6 2. Bf4 e6 3. e3 b6 4. Nf3 Bb7 5. Bd3 Ne4 6. Nbd2 Nxd2 7. Qxd2 f5 8.
Qe2 Be7 9. Ne5 O-O 10. O-O-O Nc6 11. Rhg1 Nxe5 12. Bxe5 Bf6 13. g4 Bxe5 14. dxe5
Qe7 15. gxf5 exf5 16. f4 a5 17. Rg5 Be4 18. Rdg1 Kh8 19. Bxe4 fxe4 20. Qg2 Rf7
21. Qxe4 Raf8 22. Rh5 h6 23. Rg6 Qb4 24. Qxb4 axb4 25. e6 dxe6 26. Rxe6 Rf5 27.
Rh3 Ra5 28. a3 bxa3 29. bxa3 Rxa3 30. Rg3 Rf7 31. Kb2 Ra5 32. h3 b5 33. Rc6 Kg8
34. Rxh6 c5 35. Rb6 b4 36. Rg5 Re7 37. Rxb4 Rxe3 38. Rb3 Re4 39. Rg4 Raa4 40.
Rb8+ Kh7 41. Rh4+ Kg6 42. Rg4+ Kf7 43. Rb7+ Kf6 44. Rbxg7 Rxf4 45. R4g6+ Ke5 46.
Rg5+ Kd4 47. Rg4 Ke5 48. R7g5+ Kd6 49. Rxf4 Rxf4 50. Rg4 Rf3 51. h4 Rh3 52. c3
Kc6 53. Kb3 Kb5 54. Rf4 Rh2 55. Rg4 Rh3 56. Kc2 Rh2+ 57. Kd3 Rh3+ 58. Kd2 Rh2+
59. Ke1 Kc6 60. Kf1 Rh3 61. c4 Kd6 62. Kg2 Re3 63. h5 Re5 64. Rh4 Rg5+ 65. Kf3
Ke5 66. h6 Rg8 67. h7 Rh8 68. Rh5+ Kd4 69. Rh4+ Ke5 70. Ke3 Kf6 71. Ke4 Kg5 72.
Rh1 Kf6 73. Kd5 Ke7 74. Kxc5 Kd7 75. Kd5 Kc7 76. c5 Kd7 77. Rh6 Ke7 78. Kc6 Kd8
79. Kb7 Kd7 80. c6+ Kd8 81. c7+ Kd7 82. c8=Q+ Rxc8 83. h8=Q Rxh8 84. Rxh8 {Black
resigns} 1-0

[Event "Team 45 45 League T54"]
[Site "Internet Chess Club"]
[Date "2012.09.08"]
[Round "4"]
[White "ausya"]
[Black "spongenotbob"]
[Result "0-1"]
[WhiteElo "1596"]
[BlackElo "1876"]
[Opening "Caro-Kann: Panov-Botvinnik attack, 5...e6"]
[ECO "B14"]
[Time "19:00:37"]
[TimeControl "2700+45"]

1. e4 c6 2. d4 d5 3. exd5 cxd5 4. c4 Nf6 5. Nc3 e6 6. Nf3 Nbd7 7. Bf4 Bb4 8. a3
Bxc3+ 9. bxc3 Ne4 10. Qb3 Qa5 11. Qb4 Qxb4 12. cxb4 dxc4 13. Bxc4 Ndf6 14. Nd2
Nxd2 15. Kxd2 b6 16. Rac1 O-O 17. Rhd1 Bb7 18. f3 Rfd8 19. Ke3 Rac8 20. g4 Rxc4
21. Rxc4 Nd5+ 22. Kf2 Nxf4 23. Rc7 Bd5 24. Ke3 Bb3 25. Rdc1 Nd5+ 26. Kd3 Nxc7
27. Rxc7 a5 28. bxa5 bxa5 29. Kc3 a4 30. h4 h6 31. f4 Rd5 32. Rc5 Rxc5+ 33. dxc5
Kf8 34. Kd4 Ke7 35. g5 hxg5 36. hxg5 Kd7 37. Kc3 Kc6 38. Kb4 f6 39. Kc3 Kxc5 40.
gxf6 gxf6 41. Kd3 e5 42. Ke4 exf4 43. Kxf4 Kc4 {White resigns} 0-1

[Event "Team 45 45 League T54"]
[Site "Internet Chess Club"]
[Date "2012.09.09"]
[Round "4"]
[White "drsigmund1"]
[Black "wildcat2023"]
[Result "1-0"]
[WhiteElo "1585"]
[BlackElo "1523"]
[Opening "Queen's pawn, Mason variation"]
[ECO "D00"]
[Time "16:31:26"]
[TimeControl "2700+45"]

1. d4 d5 2. Bf4 Nf6 3. e3 e6 4. Nf3 Bd6 5. Bg3 O-O 6. Bd3 c5 7. c3 Nc6 8. Nbd2
b6 9. Ne5 Bb7 10. f4 c4 11. Bc2 Bc7 12. Bh4 Qe7 13. Bxf6 gxf6 14. Qh5 f5 15. g4
Bd8 16. O-O-O Qh4 17. Qxh4 Bxh4 18. Ndf3 Bf6 19. gxf5 exf5 20. Bxf5 Kh8 21. Nd7
Be7 22. Nxf8 Rxf8 23. Rhg1 Rg8 24. Rxg8+ Kxg8 25. Rg1+ Kf8 26. Rg3 b5 27. Rh3 a5
28. Rxh7 b4 29. Ng5 f6 30. Ne6+ Ke8 31. Nc7+ Kd8 32. Nxd5 Bf8 33. Rxb7 Bd6 34.
Rd7+ Ke8 35. Rxd6 Nd8 36. Rd7 Nc6 37. Nxf6+ Kf8 38. Rc7 Nd8 39. Rc8 Ke7 40. Ng8+
Kf7 41. Rxd8 b3 42. axb3 cxb3 43. d5 a4 44. Be6+ Kg7 45. Ra8 a3 46. Rxa3 Kh8 47.
Rxb3 Kg7 48. Rb7+ Kh8 49. Ne7 Kg7 50. d6 Kf8 51. Rb8+ Kg7 52. d7 Kh6 53. d8=Q
Kh7 54. Qh8# {Black checkmated} 1-0

[Event "Team 45 45 League T54"]
[Site "Internet Chess Club"]
[Date "2012.09.06"]
[Round "4"]
[White "anna"]
[Black "sdcohle"]
[Result "1/2-1/2"]
[WhiteElo "1674"]
[BlackElo "1437"]
[Opening "French: advance variation"]
[ECO "C02"]
[Time "19:55:00"]
[TimeControl "2700+45"]

1. e4 e6 2. d4 d5 3. e5 c5 4. c3 Qb6 5. Nf3 Nc6 6. a3 Nge7 7. b4 cxb4 8. cxb4
Ng6 9. Nc3 a6 10. Be3 Be7 11. Bd3 O-O 12. O-O Bd7 13. Rb1 Qc7 14. Qb3 b5 15.
Rfc1 Qd8 16. g3 Na7 17. Kg2 Rc8 18. Rh1 Qb6 19. Ne2 Be8 20. h4 f6 21. h5 Nh8 22.
Qd1 f5 23. Qg1 Nf7 24. Nh2 Qd8 25. f4 Nh6 26. Nf3 Ng4 27. Bd2 Rc7 28. Nc3 Nc8
29. Nd1 Nb6 30. Nb2 Bf7 31. Rc1 Rxc1 32. Qxc1 Nc4 33. Nxc4 dxc4 34. Bb1 Qe8 35.
Kg1 Bxh5 36. Nh2 Qg6 37. Qe1 {Game drawn by mutual agreement} 1/2-1/2

[Event "Team 45 45 League T54"]
[Site "Internet Chess Club"]
[Date "2012.09.07"]
[Round "4"]
[White "LittleWarrior"]
[Black "SlimeDog2"]
[Result "0-1"]
[WhiteElo "1988"]
[BlackElo "2163"]
[Opening "QGD semi-Slav: Stoltz variation"]
[ECO "D45"]
[Time "21:02:24"]
[TimeControl "2700+45"]

1. Nf3 d5 2. d4 Nf6 3. c4 c6 4. Nc3 e6 5. e3 Nbd7 6. Qc2 Bd6 7. g4 h6 8. Rg1 e5
9. cxd5 cxd5 10. h4 e4 11. Nd2 Nb6 12. g5 hxg5 13. hxg5 Nh7 14. a4 a5 15. Nb5
Bb8 16. f4 f6 17. gxf6 Nxf6 18. Rxg7 Ng4 19. Nxe4 dxe4 20. Qxe4+ Kf8 21. Qg6
Qh4+ 22. Kd2 Be6 23. Qxe6 Kxg7 24. Qxb6 Qf2+ 25. Kc3 Qxf1 26. Qxb7+ Kg6 27. Qxa8
Rc8+ 28. Kd2 Qf2+ 29. Kd3 Qc2# {White checkmated} 0-1

[Event "Team 45 45 League T54"]
[Site "Internet Chess Club"]
[Date "2012.09.07"]
[Round "4"]
[White "TerryMalloy"]
[Black "Fezzik"]
[Result "0-1"]
[WhiteElo "2091"]
[BlackElo "2175"]
[Opening "QGD Slav defense: exchange variation"]
[ECO "D10"]
[Time "21:03:04"]
[TimeControl "2700+45"]

1. d4 d5 2. c4 c6 3. cxd5 cxd5 4. Nc3 Nf6 5. Bf4 Nc6 6. e3 Qb6 7. Bd3 Qxb2 8.
Nge2 Qb6 9. Nb5 e5 10. dxe5 Bb4+ 11. Kf1 Ne4 12. a3 Be7 13. e6 O-O 14. Nc7 Bxe6
15. Nxa8 Rxa8 16. Kg1 Nc5 17. Bc2 Rc8 18. h3 Bf6 19. Rb1 Qa6 20. Kh2 Qxa3 21.
Bd6 b6 22. Nd4 Qa2 23. Qe2 Ne4 24. Bxe4 dxe4 25. Qxa2 Bxa2 26. Rbc1 Bxd4 27.
exd4 Bd5 28. Rc3 Rd8 29. Bf4 f6 30. Rhc1 Rc8 31. Be3 Kf7 32. Kg1 Ke6 33. Rb1 Rb8
34. f3 exf3 35. gxf3 g5 36. Kf2 a5 37. Re1 Kd7 38. f4 h6 39. Kg3 a4 40. fxg5
hxg5 41. Rf1 Ke6 42. Bc1 b5 43. Re3+ Kf7 44. Rc3 Nxd4 45. Rc7+ Kg6 46. Bb2 Nf5+
47. Rxf5 Kxf5 48. Rc5 Ke6 49. Bxf6 Kxf6 50. Rxd5 b4 51. Kf3 b3 {White resigns}
0-1

[Event "Team 45 45 League T54"]
[Site "Internet Chess Club"]
[Date "2012.09.08"]
[Round "4"]
[White "siddhu"]
[Black "sonoftill"]
[Result "0-1"]
[WhiteElo "1866"]
[BlackElo "1947"]
[Opening "Sicilian: Alapin's variation (2.c3)"]
[ECO "B22"]
[Time "12:12:18"]
[TimeControl "2700+45"]

1. e4 c5 2. c3 g6 3. d4 cxd4 4. cxd4 d5 5. exd5 Nf6 6. Nc3 Bg7 7. Bc4 O-O 8. Nf3
Nbd7 9. O-O Nb6 10. Bb3 Nfxd5 11. Re1 Be6 12. Bg5 Re8 13. Rc1 Rc8 14. Ne4 Rxc1
15. Qxc1 Qc7 16. Nc5 Bf5 17. a4 Nb4 18. Bf4 Qc8 19. a5 N6d5 20. Ba4 Rd8 21. Bh6
b6 22. axb6 axb6 23. Bxg7 Kxg7 24. Nb3 Nd3 25. Qxc8 Rxc8 26. Re2 Rc4 27. Be8 Rb4
28. Nfd2 e6 29. Bc6 Nxb2 30. Bxd5 exd5 31. Re3 Nc4 32. Nxc4 dxc4 33. Nd2 Rb2 34.
Nf3 Bd3 35. g3 Rb1+ 36. Kg2 Bf1+ 37. Kg1 Bh3+ 38. Re1 Rxe1+ 39. Nxe1 b5 40. Nc2
Bf5 41. Nb4 c3 42. Na2 c2 43. Kf1 b4 44. Nc1 Be6 45. Ke1 b3 46. Kd2 b2 47. Kxc2
bxc1=Q+ 48. Kxc1 Kf6 49. Kd2 Kf5 50. f3 h5 51. Ke3 Bd5 52. h3 g5 53. g4+ Kg6 54.
f4 f5 55. gxh5+ Kxh5 56. fxg5 Kxg5 57. h4+ Kg4 58. h5 {White resigns} 0-1

[Event "Team 45 45 League T54"]
[Site "Internet Chess Club"]
[Date "2012.09.10"]
[Round "4"]
[White "bgolev"]
[Black "misuc56"]
[Result "0-1"]
[WhiteElo "1790"]
[BlackElo "1819"]
[Opening "Queen's pawn game"]
[ECO "D02"]
[Time "17:00:08"]
[TimeControl "2700+45"]

1. Nf3 d5 2. d4 e6 3. c4 c6 4. Nc3 f5 5. Bf4 Bd6 6. e3 Nf6 7. Bxd6 Qxd6 8. Qc2
a6 9. b3 O-O 10. Bd3 Ne4 11. Bxe4 fxe4 12. Ne5 Nd7 13. Nxd7 Bxd7 14. c5 Qe7 15.
O-O e5 16. Ne2 Bg4 17. dxe5 Bxe2 18. Qxe2 Qxe5 19. Rad1 Rae8 20. Rd2 Rf6 21. Qe1
Rh6 22. g3 Qe7 23. b4 Rf6 24. Kg2 Ref8 25. h3 Rf3 26. Rh1 R8f6 27. Rh2 h5 {White
forfeits on time} 0-1

[Event "Team 45 45 League T54"]
[Site "Internet Chess Club"]
[Date "2012.09.05"]
[Round "4"]
[White "lacibacsi"]
[Black "parpin"]
[Result "1-0"]
[WhiteElo "2060"]
[BlackElo "1760"]
[Opening "Caro-Kann: classical variation"]
[ECO "B18"]
[Time "16:00:57"]
[TimeControl "2700+45"]

1. e4 c6 2. d4 d5 3. Nc3 dxe4 4. Nxe4 Bf5 5. Ng3 Bg6 6. N1e2 e6 7. Nf4 Bd6 8. c3
Qc7 9. Qf3 Nf6 10. h4 Nd5 11. Nxd5 exd5 12. h5 Qe7+ 13. Be3 Be4 14. Nxe4 dxe4
15. Qf5 Nd7 16. Bc4 f6 17. Rh4 O-O-O 18. Rxe4 Qf8 19. O-O-O g6 20. Qa5 Kb8 21.
Re1 f5 22. Re6 Bc7 23. Qa4 f4 24. Bd2 Nb6 25. Qb3 Qf5 26. Be2 gxh5 27. Bf3 Rd6
28. Re7 Rdd8 29. Rf7 Qg5 30. Ree7 Rc8 31. Rxc7 {Black resigns} 1-0

[Event "Team 45 45 League T54"]
[Site "Internet Chess Club"]
[Date "2012.09.08"]
[Round "4"]
[White "jjmolina"]
[Black "Greedy-Reedy"]
[Result "1-0"]
[WhiteElo "1861"]
[BlackElo "1966"]
[Opening "Pirc: classical, h3 system"]
[ECO "B08"]
[Time "04:16:21"]
[TimeControl "2700+45"]

1. e4 d6 2. d4 Nf6 3. Nc3 g6 4. Nf3 Bg7 5. h3 O-O 6. Be3 a6 7. Be2 b5 8. O-O b4
9. Nd5 Nxe4 10. Nxb4 Bb7 11. Nd3 Nd7 12. Rb1 c5 13. Re1 c4 14. Nf4 d5 15. Nd2
Nxd2 16. Qxd2 Nf6 17. Bf3 Qd7 18. c3 Rfe8 19. b3 Rac8 20. bxc4 Rxc4 21. Nd3 Qc8
22. Nc5 Rxc5 23. dxc5 e5 24. Qb2 Bc6 25. Be2 Nd7 26. Qa3 Bb7 27. Bg4 f5 28. Bf3
e4 29. Be2 Qc6 30. Qb4 Rb8 31. Bf4 Be5 32. Bxe5 Nxe5 33. Qb6 Qe8 34. Bxa6 Nd7
35. Qd6 Nxc5 36. Bxb7 Nxb7 37. Qxd5+ Qf7 38. Qxf7+ Kxf7 39. Rb2 Ke6 40. Reb1 Rc8
41. Rxb7 Rxc3 42. Rxh7 Rc2 43. a4 Ra2 44. Ra7 f4 45. a5 e3 46. fxe3 fxe3 47. Re1
Ra3 48. Ra6+ Kf5 49. g4+ Kf4 50. Rxg6 Rxa5 51. h4 Ra2 52. h5 Kf3 53. h6 Rg2+ 54.
Kh1 e2 55. h7 Rf2 56. Rf6+ Kg3 57. Rg1+ Kh4 58. h8=Q+ Kg5 59. Qg7+ Kh4 60. Rh6#
{Black checkmated} 1-0

[Event "Team 45 45 League T54"]
[Site "Internet Chess Club"]
[Date "2012.09.09"]
[Round "4"]
[White "achessman"]
[Black "perikitosax"]
[Result "1/2-1/2"]
[WhiteElo "1946"]
[BlackElo "1909"]
[Opening "Alekhine's defense: four pawns attack, fianchetto variation"]
[ECO "B03"]
[Time "07:08:49"]
[TimeControl "2700+45"]

1. e4 Nf6 2. e5 Nd5 3. d4 d6 4. c4 Nb6 5. f4 g6 6. Be3 Bg7 7. Be2 O-O 8. Nc3 Be6
9. b3 dxe5 10. dxe5 Nc6 11. Nf3 f6 12. exf6 Bxf6 13. Rc1 Bf5 14. O-O e5 15. Nd5
Bg7 16. Qd2 e4 17. Ne1 Ne7 18. Nxe7+ Qxe7 19. Nc2 Rad8 20. Qa5 Nc8 21. g4 b6 22.
Qe1 Be6 23. Qf2 c5 24. Rcd1 Qb7 25. Qg2 Ne7 26. Rxd8 Rxd8 27. Rd1 Rxd1+ 28. Bxd1
Bc8 29. Qd2 Qd7 {Game drawn by mutual agreement} 1/2-1/2

[Event "Team 45 45 League T54"]
[Site "Internet Chess Club"]
[Date "2012.09.08"]
[Round "4"]
[White "blackcatdillac"]
[Black "beitmery"]
[Result "0-1"]
[WhiteElo "1792"]
[BlackElo "1719"]
[Opening "Trompowsky attack (Ruth, Opocenský opening)"]
[ECO "A45"]
[Time "09:50:05"]
[TimeControl "2700+45"]

1. d4 Nf6 2. Bg5 d5 3. Bxf6 gxf6 4. e3 e5 5. Nf3 Nc6 6. Bb5 Bd6 7. c4 dxc4 8.
Nc3 Bd7 9. Bxc4 exd4 10. Nxd4 Qe7 11. Nd5 Bb4+ 12. Ke2 Qd6 13. Nb5 Qc5 14.
Nbxc7+ Kd8 15. Nxa8 Qxc4+ 16. Qd3 Qg4+ 17. Kf1 Rg8 18. Rg1 Ne5 19. Qd1 Bb5+
{White resigns} 0-1

[Event "Team 45 45 League T54"]
[Site "Internet Chess Club"]
[Date "2012.09.09"]
[Round "4"]
[White "jjmolina"]
[Black "seikster"]
[Result "0-1"]
[WhiteElo "1842"]
[BlackElo "1822"]
[Opening "Sicilian: Najdorf, Byrne (English) attack"]
[ECO "B90"]
[Time "15:31:49"]
[TimeControl "2700+45"]

1. e4 c5 2. Nf3 d6 3. d4 cxd4 4. Nxd4 Nf6 5. Nc3 a6 6. Be3 e5 7. Nb3 Be6 8. Qd2
Be7 9. f3 Nc6 10. Nd5 O-O 11. O-O-O Bxd5 12. exd5 Nb8 13. Bd3 Nbd7 14. Qf2 a5
15. a4 Nxd5 16. Bxh7+ Kxh7 17. Rxd5 Nf6 18. Rb5 Qc7 19. h4 Rfc8 20. h5 d5 21.
Kb1 d4 22. Bg5 Nd5 23. Bxe7 Nxe7 24. h6 g6 25. Rc5 Qd6 26. Rxc8 Rxc8 27. f4 d3
28. fxe5 dxc2+ 29. Kc1 Qd5 30. Qf3 Qxf3 31. gxf3 Nc6 32. f4 Nb4 33. Kd2 Rd8+ 34.
Kc1 b6 35. Na1 Nd3+ 36. Kxc2 Nxf4 37. Nb3 Rd5 38. Rf1 g5 39. Re1 Kxh6 40. Kc3 g4
41. Kc4 g3 42. Rg1 Rd3 43. Nc1 Rf3 44. Kb5 g2 45. Kxb6 Rf1 46. Ne2 Rxg1 47. Nxg1
Kh5 48. Kxa5 Kg4 49. b4 Nh3 50. Ne2 Kf3 {White resigns} 0-1

[Event "Team 45 45 League T54"]
[Site "Internet Chess Club"]
[Date "2012.09.07"]
[Round "4"]
[White "creditordebit"]
[Black "barbak"]
[Result "1-0"]
[WhiteElo "1917"]
[BlackElo "1927"]
[Opening "Sicilian: dragon, Yugoslav attack, Rauser variation"]
[ECO "B76"]
[Time "19:30:13"]
[TimeControl "2700+45"]

1. e4 c5 2. Nf3 d6 3. d4 cxd4 4. Nxd4 Nf6 5. Nc3 g6 6. Be3 Bg7 7. f3 Nc6 8. Qd2
O-O 9. O-O-O Nxd4 10. Bxd4 Be6 11. Kb1 Qc7 12. g4 Rfc8 13. h4 Qa5 14. Qg5 b5 15.
Qxb5 Qc7 16. Qa4 Rab8 17. Ba6 Bd7 18. Qa3 Nxe4 19. Bxg7 Kxg7 20. Nxe4 Qxc2+ 21.
Ka1 Rc6 22. Bd3 Qg2 23. Nd2 Qf2 24. h5 Be6 25. hxg6 hxg6 26. b3 Rc7 27. Qb2+ f6
28. Ne4 Qb6 29. g5 Rf8 30. gxf6+ exf6 31. Qh2 Rg8 32. Qh6+ Kf7 33. Bc4 Bxc4 34.
Nxd6+ {Black resigns} 1-0

[Event "Team 45 45 League T54"]
[Site "Internet Chess Club"]
[Date "2012.09.05"]
[Round "4"]
[White "Nickovic"]
[Black "wildkingdumb2"]
[Result "0-1"]
[WhiteElo "1469"]
[BlackElo "1792"]
[Opening "Four knights: Schultze-Müller gambit"]
[ECO "C47"]
[Time "18:01:36"]
[TimeControl "2700+45"]

1. e4 e5 2. Nf3 Nc6 3. Nc3 Nf6 4. Nxe5 Nxe5 5. d4 Ng6 6. e5 Ng8 7. Bc4 Bb4 8.
Qf3 Qe7 9. O-O Bxc3 10. Qxc3 Nh6 11. Bxh6 gxh6 12. f4 Qh4 13. g3 Qg4 14. Rae1
Ne7 15. d5 O-O 16. Be2 Qg7 17. f5 Nxd5 18. Qd4 d6 19. Qxd5 Qxe5 20. Qxe5 dxe5
21. f6 Re8 22. Bf3 Bd7 23. b3 c6 24. Re2 Rad8 25. Be4 Bg4 26. Ref2 Bh5 27. c4
Bg6 28. Re1 Rd4 29. Bg2 Rd6 30. Kf1 Bd3+ 31. Kg1 e4 32. Rf4 e3 33. Rf3 e2 34.
Rf2 Kf8 35. Bh3 Re5 36. Bg4 h5 37. Bxe2 Bxe2 38. Rexe2 Rxe2 39. Rxe2 Rxf6 40.
Kg2 Re6 41. Rxe6 fxe6 42. Kf3 Kf7 43. Kf4 Kf6 44. Ke4 a5 45. c5 e5 46. h3 h6 47.
a3 Ke6 48. b4 axb4 49. axb4 Kf6 50. g4 hxg4 51. hxg4 Ke6 52. Kd3 Kd5 53. Kc3 e4
{White resigns} 0-1

[Event "Team 45 45 League T54"]
[Site "Internet Chess Club"]
[Date "2012.09.09"]
[Round "4"]
[White "prapad"]
[Black "amicusUK"]
[Result "1/2-1/2"]
[WhiteElo "1552"]
[BlackElo "1616"]
[Opening "Pirc: Ufimtsev-Pytel variation"]
[ECO "B07"]
[Time "11:00:18"]
[TimeControl "2700+45"]

1. e4 d6 2. d4 Nf6 3. Nc3 c6 4. Be3 Qa5 5. f3 e6 6. Qd2 Be7 7. g4 d5 8. e5 Nfd7
9. h4 b5 10. Nce2 Qxd2+ 11. Bxd2 a5 12. g5 Ba6 13. h5 b4 14. Nh3 c5 15. g6 hxg6
16. hxg6 f6 17. Nef4 Bxf1 18. Kxf1 Nf8 19. exf6 Bxf6 20. dxc5 Nc6 21. Re1 Kd7
22. b3 e5 23. Nxd5 Bd8 24. Kg2 Nxg6 25. Ng5 Bc7 26. Nxc7 Kxc7 27. Ne6+ Kd7 28.
Ng5 Nce7 29. Rd1 Kc6 30. Ne4 Nf5 31. Kf2 Rad8 32. Rhg1 Nf4 33. Bxf4 exf4 34.
Rg6+ Kc7 35. Rxd8 Rxd8 36. Rg4 Ne3 37. Rxf4 Nxc2 38. Rf7+ Rd7 39. Rxd7+ Kxd7 40.
Nd6 Nd4 41. Nc4 Nc6 42. f4 Ke6 43. Ke3 Kd5 44. Kf3 Kxc5 45. Ke4 a4 46. Ne5 axb3
47. axb3 Na5 48. Nd3+ {Game drawn by mutual agreement} 1/2-1/2

[Event "Team 45 45 League T54"]
[Site "Internet Chess Club"]
[Date "2012.09.09"]
[Round "4"]
[White "lasker25"]
[Black "SaltofLife"]
[Result "1/2-1/2"]
[WhiteElo "1920"]
[BlackElo "1901"]
[Opening "Sicilian: Alapin's variation (2.c3)"]
[ECO "B22"]
[Time "09:16:36"]
[TimeControl "2700+45"]

1. e4 c5 2. c3 d5 3. exd5 Qxd5 4. d4 Nf6 5. Nf3 Nc6 6. dxc5 Qxd1+ 7. Kxd1 e5 8.
Be3 Bg4 9. b4 e4 10. h3 exf3 11. hxg4 fxg2 12. Bxg2 O-O-O+ 13. Kc2 Nxg4 14. Nd2
Nce5 15. Bh3 f5 16. Bd4 Nc6 17. Nb3 Nxd4+ 18. Nxd4 g6 19. Bxg4 fxg4 20. Rag1 h5
21. Rxg4 Bxc5 22. Re4 Bxd4 23. Rxd4 Rxd4 24. cxd4 Rf8 25. Rh2 Rf3 26. Rg2 h4 27.
Rxg6 h3 28. Rh6 Rxf2+ 29. Kb3 h2 30. Rh7 b5 31. a3 Rd2 32. Kc3 Ra2 33. Kb3 Rd2
34. Kc3 Rg2 35. d5 Ra2 36. Kd4 Rxa3 37. Rxh2 Kd7 38. Kc5 a6 39. Rh7+ Kc8 40. Kc6
Rc3+ 41. Kb6 Rc4 42. Ka5 Rd4 43. Ra7 Rxd5 44. Rxa6 Rh5 45. Rb6 Rg5 46. Rxb5
Rxb5+ 47. Kxb5 Kb7 48. Kc5 Kc7 49. b5 Kb7 50. b6 Kb8 51. Kc6 Kc8 52. b7+ Kb8 53.
Kb6 {Black stalemated} 1/2-1/2